 Dungeon Crawl Stone Soup version 0.21-a0-150-gc243083 (webtiles) character file.

263118 KarmaPolice the Fencer (level 19, -9/99 HPs)
             Began as a Vampire Fighter on July 29, 2017.
             Was the Champion of Kikubaaqudgha.
             Mangled by a profane servitor
             ... wielding a +2 whip
              (16 damage)
             ... on level 3 of the Abyss.
             The game lasted 05:32:56 (66239 turns).

KarmaPolice the Fencer (Vampire Fighter)           Turns: 66239, Time: 05:32:57

Health: -9/99      AC:  0    Str: 15 (16) XL:     19   Next: 24%
Magic:  33/33      EV: 28    Int: 10      God:    Kikubaaqudgha [******]
Gold:   1997       SH:  0    Dex: 22      Spells: 8/38 levels left

rFire    . . .     SeeInvis +   (weapon currently unavailable)
rCold    + . .     Gourm    .   (shield currently unavailable)
rNeg     + + .     Faith    .   (armour currently unavailable)
rPois    +         Spirit   .   (helmet currently unavailable)
rElec    .         Reflect  +   (cloak currently unavailable)
rCorr    .         Harm     .   (gloves currently unavailable)
MR       +....                  (boots currently unavailable)
Stlth    +++.......             U - +6 amulet of reflection
HPRegen  0.13/turn              (ring currently unavailable)
MPRegen  0.23/turn              (ring currently unavailable)

@: confused, about to teleport, bat-form, flying, regenerating slowly, wreathed
by umbra, very quick
A: fangs 3, see invisible, deterioration 1, frail 1[+2], sense surroundings 1,
[weak 2], [no potion heal 3]
}: 2/15 runes: serpentine, barnacled
a: End Transformation, Receive Corpses, Torment, Brand Weapon With Pain, Receive
Necronomicon, Renounce Religion


You were on level 3 of the Abyss.
You worshipped Kikubaaqudgha.
Kikubaaqudgha was exalted by your worship.
You were thirsty.
You were in vampire-bat-form.
You visited 7 branches of the dungeon, and saw 35 of its levels.
You visited the Abyss 1 time.
You visited 1 bazaar.
You also visited: Ossuary.

You collected 4517 gold pieces.
You spent 2520 gold pieces at shops.

Inventory:

Hand Weapons
 f - the +6 whip of Cobwebs {drain, rN+ Str+2 Int+2 Stlth+}
   (You took it off a deep elf knight on level 1 of the Elven Halls)

   A truly terrible weapon, it drains the life of those it strikes.
   It affects your strength (+2).
   It affects your intelligence (+2).
   It protects you from negative energy.
   It makes you more stealthy.
 o - the +9 falchion of Eternity (melded) {pain, +Inv Int+3 Dex+7}
   (You found it on level 3 of the Elven Halls)

   In the hands of one skilled in necromantic magic, it inflicts extra damage on
   living creatures.
   It affects your intelligence (+3).
   It affects your dexterity (+7).
   It lets you turn invisible.
 T - a +4 war axe of flaming
Armour
 a - +2 storm dragon scales (melded) {Bai Suzhen}
 b - a +1 cloak (melded)
 d - a +2 scale mail of magic resistance
 l - the +2 shield of Resistance (melded) {rF+ rC+ MR+}
   (You found it on level 6 of the Lair of Beasts)

   It protects you from fire.
   It protects you from cold.
   It affects your resistance to hostile enchantments.
 A - a +0 helmet (melded)
 H - the +0 pair of gloves of Pleasant Breezes (melded) {Str+3}
   (You bought it in a shop on level 2 of the Orcish Mines)

   It affects your strength (+3).
 W - a +1 pair of boots (melded)
Jewellery
 u - a +4 ring of slaying (melded)
 F - a +5 ring of evasion (melded)
 U - a +6 amulet of reflection (around neck)
 V - an uncursed ring of resist corrosion
Wands
 G - a wand of digging (12/24)
 S - a wand of digging (3/24)
Scrolls
 i - 11 scrolls of enchant armour
 m - 7 scrolls of amnesia
 n - 8 scrolls of immolation
 p - 10 scrolls of magic mapping
 r - 25 scrolls of remove curse
 w - 7 scrolls of enchant weapon
 x - 5 scrolls of blinking
 y - 7 scrolls of recharging
 C - 4 scrolls of brand weapon
 J - 3 scrolls of fear
 K - a scroll of acquirement
 N - 8 scrolls of identify
 Q - 2 scrolls of silence
 R - 5 scrolls of teleportation
 Z - 2 scrolls of fog
Potions
 e - 4 potions of blood
 g - 2 potions of brilliance
 h - 4 potions of lignification
 j - 6 potions of flight
 k - 16 potions of curing
 s - 5 potions of agility
 t - 8 potions of heal wounds
 z - 2 potions of ambrosia
 B - 3 potions of might
 D - 3 potions of berserk rage
 E - a potion of magic
 O - 2 potions of cancellation
 P - 2 potions of invisibility
 Y - 2 potions of haste
Books
 c - Cadaroit's Guide on Companions
   (You found it on level 1 of the Elven Halls)

   Spells                             Type                      Level
   a - Call Canine Familiar           Summoning                    3
   b - Recall                         Summoning/Translocation      3
   c - Aura of Abjuration             Summoning                    5
   d - Summon Forest                  Summoning/Translocation      5
 q - a book of Maledictions

   Spells                             Type                      Level
   a - Corona                         Hexes                        1
   b - Ensorcelled Hibernation        Hexes/Ice                    2
   c - Confuse                        Hexes                        3
   d - Tukima's Dance                 Hexes                        3
   e - Dazzling Spray                 Conjuration/Hexes            3
 v - a book of Air

   Spells                             Type                      Level
   a - Shock                          Conjuration/Air              1
   b - Swiftness                      Charms/Air                   2
   c - Static Discharge               Conjuration/Air              3
   d - Airstrike                      Air                          4
   e - Lightning Bolt                 Conjuration/Air              5
 M - a book of Changes

   Spells                             Type                      Level
   a - Beastly Appendage              Transmutation                1
   b - Sticks to Snakes               Transmutation                2
   c - Spider Form                    Transmutation/Poison         3
   d - Ice Form                       Ice/Transmutation            4
   e - Blade Hands                    Transmutation                5


   Skills:
 - Level 10.6 Fighting
 - Level 16.5 Long Blades
 + Level 12.4 Armour
 - Level 7.2 Dodging
 + Level 13.5 Shields
 + Level 10.2 Spellcasting
 + Level 4.3 Summonings
 - Level 13.9 Necromancy
 - Level 11.4 Air Magic


You had 8 spell levels left.
You knew the following spells:

 Your Spells              Type           Power        Failure   Level  Hunger
a - Control Undead        Necr           ####......   1%          4    ####...
b - Animate Dead          Necr           N/A          1%          4    ####...
c - Silence               Hex/Air        ###.......   34%         5    #####..
d - Deflect Missiles      Chrm/Air       ###.......   89%         6    #######
e - Dispel Undead         Necr           ####....     1%          5    #####..
f - Regeneration          Chrm/Necr      ###.......   2%          3    ##.....
g - Recall                Summ/Tloc      N/A          16%         3    ##.....


Dungeon Overview and Level Annotations

Branches:
Dungeon (15/15)            Temple (1/1) D:4            Lair (6/6) D:8
 Shoals (4/4) Lair:2        Snake (4/4) Lair:2        Slime (0/5) Lair:5
    Orc (2/2) D:12            Elf (3/3) Orc:2        Vaults (0/5) D:13
 Depths (0/5) D:15

Altars:
Ashenzari
Cheibriados
Dithmenos
Elyvilon
Fedhas
Gozag
Hepliaklqana
Kikubaaqudgha
Makhleb
Nemelex Xobeh
Okawaru
Qazlal
Ru
Sif Muna
Trog
Uskayaw
Vehumet
Wu Jian
Xom
Yredelemnul
Zin
The Shining One
Beogh

Shops:
D:5 (   D:6 [:!(   D:9 (   Orc:2 ![*?   Elf:1 %   Elf:2 *   Snake:3 =}=

Annotations:
D:3 KarmaPolice's ghost, amateur HaHu
D:4 Natasha; Syneil's ghost, amateur GrEE
D:14 grindst0ne's ghost, journeyman HOAK
Lair:2 exclusion: oklob plant
Lair:5 exclusion: 3 oklob plants


Innate Abilities, Weirdness & Mutations

You heal slowly.
You have razor-sharp teeth.
You have supernaturally acute eyesight. (SInv)
((You can survive without breathing.))
Your body sometimes deteriorates upon taking damage.
You passively map a small area around you.
[You are extremely frail. (-30% HP)]
[You are very weak. (Str -4)]
[Potions cannot restore your health.]


Message History

The profane servitor completely misses you.
That would not heal you.
Unknown command.
Your system rejects the healing.
You feel better.
The profane servitor hits you with an enchanted whip.
* * * LOW HITPOINT WARNING * * *
The profane servitor hits you with an enchanted whip.
* * * LOW HITPOINT WARNING * * *
The golden eye blinks at you. You resist with almost no effort.
The golden eye blinks at you. You resist with almost no effort.
The golden eye blinks!
The golden eye blinks at you.
You are confused.
You bump into the rock wall.
You bump into the stone wall.
The profane servitor hits you with an enchanted whip!
You die...
Kikubaaqudgha rasps: "You have failed me!
Welcome... oblivion!"

...# #. #####
##...#.#### ##
...#.#§≈≈#### # #.
....≈≈≈#.##.##
#.....G#≈≈...##.##
###
#....#...≈≈#.....##
... # ##.
§§#.≈≈.#.## .. #
#.#####b##≈≈ .... ..
. #§§..#A.### .##
... #§.#......#≈≈≈#
.... #
#.###......##≈≈...##
#. #.......§.≈ .# .
##§..§.§.##≈≈.# #
#.##§...# .≈ .#
.§§§# #.≈ # . ###.≈


You could see a profane servitor and a golden eye.

Vanquished Creatures
  2 deep elf blademasters
  A kraken (Shoals:1)
  Kirke (Snake:3)
  8 nagarajas
  Ilsuiw (Shoals:4)
  A frost giant (Shoals:3)
  A deep elf sorcerer (Elf:1)
  3 deep elf elementalists
  4 deep elf demonologists
  A deep elf annihilator (Elf:3)
  A merfolk javelineer (Shoals:1)
  A deep elf death mage (Elf:3)
  6 merfolk impalers
  Fannar (D:10)
  A deep elf high priest (Elf:3)
  A fire dragon (D:15)
  Erolcha (D:10)
  2 centaur warriors
  Harold (D:10)
  11 naga warriors
  7 hydras
  3 merfolk avatars
  A catoblepas (Lair:4)
  11 anacondas
  4 two-headed ogres
  2 alligator snapping turtles
  13 dancing weapons
  4 satyrs
  4 merfolk aquamancers
  9 death yaks
  4 orc high priests
  Urug (D:12)
  10 naga sharpshooters
  13 deep elf knights
  2 salamander mystics
  5 shock serpents
  A wizard (D:13)
  3 naga ritualists
  7 deep elf archers
  10 sea snakes
  13 harpies (Shoals:4)
  Pikel (D:6)
  3 orc knights
  A necromancer (D:13)
  5 mana vipers
  8 ugly things
  49 deep elf magi
  3 orc sorcerers
  3 cyclopes
  10 manticores
  11 salamanders
  31 black mambas
  9 fauns
  10 elephants
  4 water nymphs
  9 merfolk sirens
  5 guardian serpents
  16 naga magi
  22 spiny frogs
  2 gargoyles
  2 komodo dragons
  3 rime drakes
  30 merfolk
  4 tyrant leeches
  A polar bear (shapeshifter) (D:11)
  10 trolls
  3 wind drakes
  11 hippogriffs
  A hornet (D:8)
  4 slime creatures
  A queen bee (shapeshifter) (Elf:1)
  8 dream sheep
  22 blink frogs
  A meliai zombie (D:15)
  7 snapping turtles
  9 water elementals
  2 wyverns
  A ynoxinul (Abyss:3)
  A shadow (D:15)
  7 redbacks (Elf:1)
  A vampire (D:10)
  40 yaks
  A wraith (D:14)
  3 basilisks
  5 fire elementals
  4 vampire mosquitoes
  A hungry ghost (D:7)
  57 nagas
  3 wargs
  A soldier ant (D:12)
  12 water moccasins
  Duvessa (D:7)
  8 porcupines
  2 hell hounds (Lair:3)
  3 ice beasts
  10 sky beasts
  3 black bears
  44 orc warriors
  2 slaves (D:7)
  An eye of draining (D:8)
  A phantom (D:10)
  9 wolves
  13 ogres
  21 crocodiles
  15 centaurs
  A big kobold (D:11)
  Blork the orc (D:3)
  31 bullfrogs
  Dowan (D:7)
  3 earth elementals
  A gnoll sergeant (D:8)
  13 scorpions
  21 killer bees
  7 wights
  An electric eel (D:7)
  2 howler monkeys
  8 jellies
  8 crimson imps
  A quasit (D:8)
  5 bullfrog zombies
  6 hounds
  7 centaur zombies
  9 centaur skeletons
  2 human zombies (Ossuary)
  3 bullfrog skeletons
  40 orc priests
  3 iguanas
  41 orc wizards
  22 worker ants
  A killer bee zombie (D:9)
  A hound skeleton (D:6)
  2 mummies (Ossuary)
  4 gnolls
  13 adders
  5 scorpion zombies (Ossuary)
  3 shadow imps
  12 white imps
  2 adder skeletons
  4 worms (D:2)
  4 dart slugs
  5 leopard geckos
  95 orcs
  6 giant cockroaches
  2 gnoll zombies (Ossuary)
  6 hobgoblins
  10 jackals
  15 kobolds
  5 quokkas
  2 ball pythons
  2 bats
  4 frilled lizards
  11 goblins
  2 goblin zombies (Ossuary)
  A hobgoblin zombie (Ossuary)
  A leopard gecko skeleton (D:7)
  A leopard gecko zombie (D:6)
  5 orc zombies (Ossuary)
  A quokka skeleton (D:8)
  8 rats
  2 fire vortices (Elf:2)
  A plant (Lair:6)
  A tentacle (Shoals:1)
1241 creatures vanquished.

Vanquished Creatures (collateral kills)
  Bai Suzhen (Snake:3)
  Vashnia (Snake:3)
  A nagaraja (Snake:4)
  Aizul (Snake:3)
  2 merfolk javelineers (Shoals:4)
  A fire dragon (D:15)
  3 merfolk impalers
  A hydra (Lair:6)
  5 naga warriors
  4 merfolk avatars
  A merfolk aquamancer (Shoals:4)
  2 anacondas
  5 naga sharpshooters
  An orc high priest (Orc:2)
  A deep elf knight (Elf:2)
  2 sea snakes
  3 harpies (Shoals:4)
  2 deep elf magi
  A mana viper (Snake:4)
  5 ugly things (D:14)
  4 fauns
  2 cyclopes
  4 oklob plants (Lair:6)
  A salamander (Snake:1)
  2 elephants (Lair:6)
  2 manticores (Shoals:4)
  2 guardian serpents (Snake:2)
  8 black mambas
  3 water nymphs
  2 merfolk sirens
  7 naga magi
  3 spiny frogs
  A komodo dragon (Lair:6)
  A wind drake (Shoals:3)
  6 merfolk
  A blink frog (Lair:6)
  2 dream sheep
  3 snapping turtles
  2 hippogriffs
  An air elemental (Elf:1)
  A yak (Lair:6)
  A water elemental (Shoals:3)
  2 vampire mosquitoes (Lair:6)
  12 nagas
  An orc warrior (Orc:2)
  A centaur (D:14)
  3 bullfrogs (Lair:6)
  An electric eel (Lair:6)
  An orc wizard (Orc:2)
  2 orcs
  A fungus (Lair:6)
  6 plants
  2 tentacles (Shoals:1)
134 creatures vanquished.

Vanquished Creatures (others)
  A merfolk aquamancer (Shoals:4)
  A dancing weapon (Elf:1)
  An anaconda (Snake:3)
  2 deep elf knights (Elf:2)
  A deep elf archer (Elf:2)
  A water elemental (Elf:2)
  2 humans (Snake:3)
  A bullfrog (D:7)
  A mummy (Ossuary)
  13 fungi
  45 plants
  28 tentacles
97 creatures vanquished.

Grand Total: 1472 creatures vanquished

Notes
Turn   | Place    | Note
-------+----------+-------------------------------------------
     0 | D:1      | KarmaPolice the Vampire Fighter began the quest for the Orb.
     0 | D:1      | Reached XP level 1. HP: 17/17 MP: 1/1
   340 | D:1      | Reached XP level 2. HP: 23/23 MP: 2/2
  1173 | D:2      | Found a snail-covered altar of Cheibriados.
  1190 | D:2      | Reached XP level 3. HP: 28/28 MP: 3/3
  1450 | D:2      | Reached skill level 3 in Long Blades
  1524 | D:2      | Reached XP level 4. HP: 15/35 MP: 4/4
  3230 | D:3      | Noticed KarmaPolice's ghost (amateur HaHu)
  3499 | D:3      | Reached XP level 5. HP: 39/41 MP: 5/5
  3502 | D:3      | You are sucked into a shaft!
  3639 | D:4      | Found a hazy altar of Hepliaklqana.
  3641 | D:4      | Noticed Syneil's ghost (amateur GrEE)
  3652 | D:4      | Noticed Natasha
  3665 | D:4      | Noticed Blork the orc
  4031 | D:5      | Entered Level 5 of the Dungeon
  4044 | D:6      | Found Vuyqaom's Antique Weapon Shoppe.
  4044 | D:6      | Noticed an ice beast
  4377 | D:5      | Reached skill level 4 in Long Blades
  4569 | D:5      | Noticed a sky beast
  4597 | D:5      | Found Feuskiu's Antique Weapon Boutique.
  4616 | D:5      | Reached XP level 6. HP: 36/48 MP: 6/6
  4957 | D:5      | Found a snail-covered altar of Cheibriados.
  4981 | D:5      | Noticed an ice beast
  5014 | D:4      | Found a shadowy altar of Dithmenos.
  5014 | D:4      | Found a bloodstained altar of Trog.
  5161 | D:4      | Found a stormy altar of Qazlal.
  5408 | D:5      | Found a shimmering altar of Xom.
  5659 | D:6      | Found Edynnal's Book Emporium.
  6606 | D:4      | Reached XP level 7. HP: 53/55 MP: 7/7
  7011 | D:3      | Killed Blork the orc
  7422 | D:4      | Found a burning altar of Makhleb.
  7423 | D:4      | Noticed an Executioner
  7430 | D:4      | Noticed a neqoxec
  7430 | D:4      | Noticed a smoke demon
  7570 | D:4      | Found a staircase to the Ecumenical Temple.
  7576 | Temple   | Entered the Ecumenical Temple
  7741 | D:4      | Found an ornate altar of the Wu Jian Council.
  7741 | D:4      | Found an ancient bone altar of Kikubaaqudgha.
  7744 | D:4      | Found a glowing golden altar of the Shining One.
  7750 | D:4      | Became a worshipper of Kikubaaqudgha
  8507 | D:5      | Reached skill level 5 in Long Blades
  8859 | D:5      | Reached skill level 5 in Fighting
  9166 | D:6      | Reached XP level 8. HP: 44/62 MP: 8/8
  9286 | D:6      | Found Vunos's Distillery.
  9639 | D:6      | Found Mogi Say's Armour Shop.
  9750 | D:7      | Noticed Duvessa
  9872 | D:5      | Bought a glowing scimitar for 231 gold pieces
  9878 | D:5      | Reached skill level 5 in Armour
 10569 | D:7      | Reached skill level 6 in Long Blades
 10760 | D:7      | Noticed a hippogriff
 10780 | D:7      | Killed a hippogriff
 10780 | D:7      | Reached skill level 5 in Shields
 10987 | D:7      | Noticed Dowan
 11008 | D:7      | Killed Duvessa
 11349 | D:7      | Killed Dowan
 11388 | D:7      | Reached XP level 9. HP: 69/69 MP: 9/9
 11815 | D:7      | Noticed Pikel
 11856 | D:6      | Killed Pikel
 11856 | D:6      | Reached skill level 7 in Long Blades
 12217 | D:7      | Reached * piety under Kikubaaqudgha
 12217 | D:7      | Identified Kikubaaqudgha's Guide on Black Rituals (Kikubaaqudgha gifted it to you on level 7 of the Dungeon)
 12217 | D:7      | Received a gift from Kikubaaqudgha
 12944 | D:8      | Reached skill level 1 in Spellcasting
 12999 | D:8      | Found a sand-covered staircase.
 13003 | Ossuary  | Entered an ossuary
 13487 | Ossuary  | Reached XP level 10. HP: 65/79 MP: 12/12
 14186 | D:8      | Found an opulent altar of Gozag.
 14338 | D:8      | Reached skill level 8 in Long Blades
 14623 | D:8      | Reached ** piety under Kikubaaqudgha
 14730 | D:8      | Found a staircase to the Lair.
 14832 | D:8      | Noticed a two-headed ogre
 14847 | D:8      | Killed a two-headed ogre
 15534 | D:9      | Reached skill level 1 in Necromancy
 15594 | D:9      | Noticed a white ugly thing
 15595 | D:9      | Noticed a two-headed ogre
 15626 | D:10     | Entered Level 10 of the Dungeon
 16761 | Lair:1   | Entered Level 1 of the Lair of Beasts
 16763 | Lair:1   | Noticed a spiny frog
 16847 | Lair:1   | Killed a spiny frog
 17308 | Lair:1   | Noticed a four-headed hydra
 17425 | Lair:1   | You are sucked into a shaft!
 17431 | Lair:1   | Noticed a spiny frog
 17441 | Lair:1   | Killed a spiny frog
 17441 | Lair:1   | Reached skill level 9 in Long Blades
 17441 | Lair:1   | Reached XP level 11. HP: 87/87 MP: 17/17
 17561 | Lair:1   | Noticed a four-headed hydra
 18592 | Lair:2   | Learned a level 4 spell: Control Undead
 18649 | Lair:2   | Found a staircase to the Shoals.
 18892 | Lair:2   | Reached skill level 5 in Spellcasting
 18983 | Lair:2   | Found a deep blue altar of Sif Muna.
 18984 | Lair:2   | Noticed an oklob plant
 18995 | Lair:2   | Noticed a six-headed hydra
 19218 | Lair:3   | Reached skill level 5 in Necromancy
 19270 | Lair:3   | Found a dark tunnel.
 19876 | Lair:3   | Reached *** piety under Kikubaaqudgha
 19876 | Lair:3   | Identified Kikubaaqudgha's Compendium of Stolen Souls (Kikubaaqudgha gifted it to you on level 3 of the Lair of Beasts)
 19876 | Lair:3   | Received a gift from Kikubaaqudgha
 19885 | Lair:3   | Learned a level 4 spell: Animate Dead
 20759 | Lair:2   | Found a staircase to the Snake Pit.
 21292 | Lair:1   | Reached skill level 10 in Long Blades
 21998 | Lair:3   | Noticed a death yak
 21998 | Lair:3   | Noticed a death yak
 21998 | Lair:3   | Noticed a death yak
 21998 | Lair:3   | Noticed a death yak
 21998 | Lair:3   | Noticed a death yak
 21998 | Lair:3   | Noticed a death yak
 22093 | Lair:4   | Noticed a catoblepas
 22464 | D:8      | Killed a two-headed ogre
 22464 | D:8      | Reached XP level 12. HP: 42/95 MP: 21/21
 22584 | D:9      | Found Muz Ydett's Weapon Emporium.
 23001 | D:10     | Noticed Fannar
 23430 | D:10     | Noticed Harold
 23457 | D:10     | Killed Harold
 23584 | D:10     | Noticed Erolcha
 23593 | D:10     | Killed Erolcha
 24284 | D:10     | Killed Fannar
 25326 | D:11     | Paralysed by a hornet for 3 turns
 26411 | D:11     | Reached **** piety under Kikubaaqudgha
 26669 | D:12     | Reached skill level 11 in Long Blades
 26959 | D:12     | Noticed Urug
 27147 | D:12     | Killed Urug
 27361 | D:12     | Learned a level 5 spell: Silence
 27370 | D:12     | Learned a level 6 spell: Deflect Missiles
 27429 | D:12     | Noticed a two-headed ogre
 27451 | D:12     | Killed a two-headed ogre
 27494 | D:12     | Found a staircase to the Orcish Mines.
 27965 | D:12     | Reached XP level 13. HP: 74/101 MP: 25/25
 28115 | D:12     | Reached ***** piety under Kikubaaqudgha
 29787 | Lair:5   | Reached skill level 1 in Dodging
 29848 | Lair:5   | Found a staircase to the Slime Pits.
 30610 | Lair:6   | Entered Level 6 of the Lair of Beasts
 31178 | Lair:5   | Reached skill level 10 in Fighting
 31246 | Lair:6   | Reached skill level 12 in Long Blades
 31600 | Lair:5   | Reached ****** piety under Kikubaaqudgha
 31815 | Lair:6   | Reached skill level 5 in Dodging
 31895 | Lair:6   | Reached skill level 10 in Armour
 31956 | Lair:5   | Reached XP level 14. HP: 98/111 MP: 26/26
 32679 | Lair:6   | Identified a scroll of acquirement
 35231 | Orc:1    | Entered Level 1 of the Orcish Mines
 35919 | Orc:2    | Entered Level 2 of the Orcish Mines
 36014 | Orc:2    | Found a roughly hewn altar of Beogh.
 36143 | Orc:2    | Found a staircase to the Elven Halls.
 36450 | Orc:2    | Reached skill level 1 in Air Magic
 36862 | Orc:2    | Reached skill level 13 in Long Blades
 38025 | Orc:2    | Found Janyrife's Distillery.
 38025 | Orc:2    | Found Liys's Magic Scroll Boutique.
 38025 | Orc:2    | Found Casaq's Assorted Antiques.
 38028 | Orc:2    | Found Zuzo's Antique Armour Shop.
 38034 | Orc:2    | Bought a pair of transparent gloves for 275 gold pieces
 38034 | Orc:2    | Identified the +0 pair of gloves of Pleasant Breezes {Str+3} (You bought it in a shop on level 2 of the Orcish Mines)
 38048 | Orc:2    | Bought a pair of glowing boots for 217 gold pieces
 38058 | Orc:2    | Bought a pair of runed boots for 217 gold pieces
 38077 | Orc:2    | Bought a scroll of fear for 38 gold pieces
 38991 | D:13     | Found a gate to the Vaults.
 40185 | D:14     | Noticed grindst0ne's ghost (journeyman HOAK)
 40498 | D:13     | Reached XP level 15. HP: 100/117 MP: 27/27
 41133 | D:14     | Learned a level 5 spell: Dispel Undead
 41748 | D:6      | Bought a book of Necromancy for 420 gold pieces
 41758 | D:6      | Learned a level 3 spell: Regeneration
 42095 | Shoals:1 | Entered Level 1 of the Shoals
 42234 | Snake:1  | Entered Level 1 of the Snake Pit
 43259 | D:15     | Entered Level 15 of the Dungeon
 43285 | D:15     | Found a flickering gateway to a bazaar.
 43294 | Bazaar   | Entered a bazaar
 43299 | Bazaar   | Found Efoh's Jewellery Boutique.
 43317 | Bazaar   | Found Detusu's Assorted Antiques.
 43334 | Bazaar   | Found Zapun's Book Boutique.
 43351 | Bazaar   | Found Moakucuu's Assorted Antiques.
 43356 | Bazaar   | Bought a ring of slaying for 44 gold pieces
 43394 | Bazaar   | Bought a scroll of identify for 62 gold pieces
 43394 | Bazaar   | Bought a scroll of identify for 62 gold pieces
 43417 | Bazaar   | Bought a scroll of fear for 108 gold pieces
 43559 | D:15     | Reached skill level 5 in Air Magic
 44172 | D:15     | Found a staircase to the Depths.
 45415 | Shoals:1 | Reached skill level 14 in Long Blades
 45553 | Shoals:1 | Noticed a kraken
 45610 | Shoals:1 | Killed a kraken
 46150 | Shoals:2 | Noticed a kraken
 47114 | Shoals:1 | Reached XP level 16. HP: 103/124 MP: 28/28
 48089 | Shoals:3 | Reached skill level 10 in Necromancy
 48175 | Shoals:3 | Reached skill level 10 in Shields
 48953 | Shoals:4 | Entered Level 4 of the Shoals
 48968 | Shoals:4 | Got a bronze chain mail
 48982 | Shoals:3 | Identified the +5 chain mail of Pihys {Str+5} (You found it on level 4 of the Shoals)
 49023 | Shoals:4 | Noticed Ilsuiw
 49216 | Shoals:4 | Killed Ilsuiw
 50166 | Shoals:4 | Got a barnacled rune of Zot
 50756 | Shoals:4 | Reached skill level 15 in Long Blades
 52220 | Shoals:4 | Got a steaming leather armour
 52223 | Shoals:4 | Identified the cursed +1 leather armour of Dim Light {rPois rF+ MR+ MP+9} (You found it on level 4 of the Shoals)
 53125 | Snake:1  | Reached XP level 17. HP: 125/129 MP: 29/29
 55151 | Snake:2  | Reached skill level 10 in Air Magic
 56226 | Snake:3  | Noticed Bai Suzhen
 56264 | Snake:3  | Killed Bai Suzhen
 56299 | Snake:3  | Noticed Aizul
 56307 | Snake:3  | Killed Aizul
 56485 | Snake:3  | Noticed Kirke
 56493 | Snake:3  | Killed Kirke
 56503 | Snake:3  | Reached skill level 16 in Long Blades
 56589 | Snake:3  | Found Qeym Daro's Gadget Shoppe.
 56590 | Snake:3  | Found Vuicwoar's Jewellery Shop.
 56590 | Snake:3  | Found Veol's Jewellery Shop.
 56652 | Snake:3  | Noticed Vashnia
 57444 | Snake:3  | Killed Vashnia
 57673 | Snake:4  | Entered Level 4 of the Snake Pit
 58131 | Snake:4  | Reached XP level 18. HP: 111/136 MP: 14/30
 59001 | Snake:4  | Got a serpentine rune of Zot
 59756 | Snake:3  | Bought a +6 amulet of reflection for 702 gold pieces
 60411 | Orc:2    | Bought a potion of heal wounds for 80 gold pieces
 60411 | Orc:2    | Bought a potion of might for 64 gold pieces
 60455 | Elf:1    | Entered Level 1 of the Elven Halls
 60697 | Elf:1    | Found Coenlim's Food Shoppe.
 60891 | Elf:1    | Gained mutation: Your body sometimes deteriorates upon taking damage. [a neqoxec]
 61063 | Elf:1    | Noticed an Ice Fiend
 61310 | Elf:1    | Identified Cadaroit's Guide on Companions
 61316 | Elf:1    | Learned a level 3 spell: Recall
 61506 | Elf:1    | Got a polished whip {drain}
 61507 | Elf:1    | Identified the +6 whip of Cobwebs {drain, rN+ Str+2 Int+2 Stlth+} (You took it off a deep elf knight on level 1 of the Elven Halls)
 62065 | Elf:2    | Found a huge runed gate.
 62065 | Elf:2    | Found a huge runed gate.
 62065 | Elf:2    | Found a huge runed gate.
 62076 | Elf:2    | Found a huge runed gate.
 62076 | Elf:2    | Found a huge runed gate.
 62488 | Elf:2    | Reached skill level 1 in Summonings
 62539 | Elf:2    | Noticed an Ice Fiend
 62552 | Elf:2    | Noticed a Hell Sentinel
 62604 | Elf:2    | Found Nifuekan's Elven Fire.
 63723 | Elf:2    | Reached XP level 19. HP: 119/142 MP: 30/32
 64275 | Elf:1    | Reached skill level 10 in Spellcasting
 64644 | Elf:3    | Entered Level 3 of the Elven Halls
 65005 | Elf:3    | Got a smoking falchion
 65006 | Elf:3    | Identified the +9 falchion of Eternity {pain, +Inv Int+3 Dex+7} (You found it on level 3 of the Elven Halls)
 65400 | Elf:3    | Noticed a Tzitzimitl
 65409 | Elf:3    | Gained mutation: You passively map a small area around you. [a neqoxec]
 65410 | Elf:3    | Gained mutation: [You are frail. (-10% HP)] [a neqoxec]
 65952 | Elf:3    | Cast into level 3 of the Abyss (a deep elf sorcerer)
 65952 | Abyss:3  | Found a corrupted altar of Lugonu.
 65983 | Abyss:3  | Found a deep blue altar of Sif Muna.
 65995 | Abyss:3  | Found a corrupted altar of Lugonu.
 66112 | Abyss:3  | Found a shimmering altar of Xom.
 66188 | Abyss:3  | Found a corrupted altar of Lugonu.
 66202 | Abyss:3  | Noticed a profane servitor
 66239 | Abyss:3  | Mangled by a profane servitor

Vault maps used:
D:1:      doesnt_arrival_eight_statues, minmay_misc_feat_doors
D:2:      kennysheep_slug_shrine
D:4:      gammafunk_temple_overflow_claw, makhleb_altar_promises_db,
          nicolae_overflow_hidden_temple, old_standard_altar,
          minmay_temple_entry_fiery, chei_slow_surprise, uniq_natasha,
          uniq_blork_the_orc
D:5:      first_bread, serial_shops, shop_fountains, serial_glass,
          glass_columns_c, glass_columns_b, glass_columns_b, glass_columns_a,
          basic_altar, minmay_ruined_shrine
D:6:      serial_shops, nicolae_shop_competitors_out_of_business,
          shop_fountains, shop, nicolae_shop_statue_plus
D:7:      lightli_minifort, uniq_pikel, uniq_duvessa
D:8:      lair_entry_dummy, enter_ossuary_5, basic_altar
D:9:      serial_shops, shop
D:10:     uniq_fannar, uniq_erolcha, uniq_harold
D:12:     david_orc_1_choice, portal_ice_cave_entry_imps, uniq_urug
D:13:     david_vaults_1
D:14:     roderic_lattice_octagonal_star
D:15:     grunt_enter_depths_hoard, hangedman_decor_points, serial_shops,
          bzr_entry_customers
Temple:   nicolae_temple_great_sept
Lair:2:   minmay_shoals_entry_centaurs, minmay_snake_entry_guardpost_large,
          lemuel_oklob_altar
Lair:3:   enter_volcano_3
Lair:5:   minmay_slime_entry_pillars, disabler_island, grunt_megastairs_1
Lair:6:   minmay_lair_end_frog_pond, minmay_lair_oklob_chamber
Shoals:2: cheibrodos_shoals_oceanic_diplomacy
Shoals:4: shoals_end_grunt_ice, shoal_ilsuiw,
          nicolae_shoals_siren_and_animal_friends
Snake:2:  grunt_megastairs_3
Snake:3:  grunt_ministairs_7, minmay_shop_grove, lemuel_fruit_tree,
          serial_bayou_shore_a, uniq_vashnia, uniq_bai_suzhen, uniq_aizul,
          uniq_kirke
Snake:4:  minmay_snake_end_coiled
Orc:2:    st_orc_mages, basic_altar
Elf:1:    eino_elf_arrival_the_gate, serial_shops, shop, minmay_elf_demonology,
          minivault_25_ag, spider_trap
Elf:2:    abandoned_shop, guppyfry_elf_lava
Elf:3:    elf_hall
Abyss:3:  evilmike_abyss_exit_2, hangedman_decor_riveting
Bazaar:   bazaar_jpeg_circle_common
Ossuary:  ossuary_minmay_scorpions

Skill      XL: |  1  2  3  4  5  6  7  8  9 10 11 12 13 14 15 16 17 18 19 |
---------------+----------------------------------------------------------+-----
Fighting       | 3 4 5 6 7 8 9 10 | 10.6
Long Blades    | 3 4 5 6 7 9 10 11 12 13 14 15 16 | 16.5
Armour         | 3 4 5 6 7 8 10 11 12 | 12.4
Shields        | 3 4 5 6 7 9 11 12 13 | 13.5
Spellcasting   | 1 4 6 8 9 10 | 10.2
Necromancy     | 3 6 9 11 12 13 | 13.9
Dodging        | 5 7 |  7.2
Air Magic      | 3 7 9 11 | 11.4
Summonings     | 2 4 |  4.3

Action                   |  1- 3 |  4- 6 |  7- 9 | 10-12 | 13-15 | 16-18 | 19-21 || total
-------------------------+-------+-------+-------+-------+-------+-------+-------++-------
Melee: Long sword        |   114 |   235 |   110 |       |       |       |       ||   459
       Bite              |     9 |    29 |    54 |   127 |   289 |   330 |    29 ||   867
       Unarmed           |       |    28 |    22 |    21 |    24 |       |     3 ||    98
       Scimitar          |       |       |   296 |   922 |  1374 |  1856 |   130 ||  4578
       War axe           |       |       |       |       |    41 |       |       ||    41
       Great sword       |       |       |       |       |    56 |       |       ||    56
       Demon trident     |       |       |       |       |       |    22 |       ||    22
       Falchion          |       |       |       |       |       |       |    28 ||    28
 Cast: Animate Dead      |       |       |       |       |    98 |   160 |     8 ||   266
       Regeneration      |       |       |       |       |    11 |   119 |    16 ||   146
Invok: Receive Corpses   |       |       |       |     1 |    12 |    12 |     2 ||    27
       Torment           |       |       |       |       |     1 |       |     1 ||     2
 Abil: Bat Form          |       |     7 |    10 |   102 |    60 |    13 |     8 ||   200
       End Transformatio |       |     7 |    10 |   102 |    60 |    13 |     7 ||   199
Evoke: Wand              |       |       |       |     5 |       |       |       ||     5
  Use: Potion            |       |     4 |    13 |    18 |    37 |    48 |    11 ||   131
       Scroll            |       |       |    11 |    11 |    17 |    11 |     3 ||    53
 Stab: Sleeping          |       |     3 |     2 |     2 |     3 |       |       ||    10
       Distracted        |       |       |     1 |     1 |     7 |    11 |     1 ||    21
  Eat: Corpse            |     1 |     5 |     3 |    10 |    10 |    11 |       ||    40
Armor: Scale mail        |    41 |    81 |   116 |   270 |   335 |   305 |       ||  1148
       Storm dragon scal |       |       |       |       |       |    64 |    33 ||    97
Dodge: Dodged            |    29 |    71 |   174 |   580 |   912 |   813 |    76 ||  2655
Block: Shield            |    46 |   115 |   185 |   202 |   481 |  1273 |   160 ||  2462
       Reflection        |       |       |       |       |       |    23 |    14 ||    37
       Other             |       |       |       |       |       |     2 |     3 ||     5
       Rpst.: Long sword |     8 |    18 |     8 |       |       |       |       ||    34
       Scimitar          |       |       |    41 |   131 |   207 |   148 |    11 ||   538
       Great sword       |       |       |       |       |    18 |       |       ||    18
       Falchion          |       |       |       |       |       |       |     1 ||     1
